Map: Sequencer LE

Players

ShoWTimE

  • Race: Protoss Protoss
  • Spawn Location: 1:00

Denver - Winner!

  • Race: Zerg Zerg
  • Spawn Location: 7:00

Event: WCS Valencia 2017

VOD

Have the link to the VOD?

Description

Time

  • Played on: July 13, 2017, 10:44 a.m.
  • Length: 13:52

All games in this series

Show
View Real Time Build Order
Export as new Build Order

ShoWTimE Protoss 

Build Orders: 1 Gate Expand, Oracle Opening, Phoenix Opening 

Get SALT Encoding   

  12  0:00  Probe (Chrono Boost)  
  13  0:11  Probe (Chrono Boost)  
  14  0:18  Pylon  
  14  0:22  Probe (Chrono Boost)  
  15  0:36  Probe (Chrono Boost)  
  15  0:40  Gateway  
  16  0:47  Probe (Chrono Boost)  
  16  0:48  Assimilator  
  17  0:57  Probe (Chrono Boost)  
  18  1:08  Probe (Chrono Boost)  
  19  1:23  Nexus  
  19  1:26  Probe (Chrono Boost)  
  20  1:36  Cybernetics Core  
  20  1:39  Probe (Chrono Boost)  
  21  1:44  Assimilator  
  21  1:50  Probe (Chrono Boost)  
  21  1:54  Pylon  
  22  2:00  Probe (Chrono Boost)  
  23  2:12  Probe (Chrono Boost), Warp Gate, Adept (Chrono Boost)  
  26  2:24  Probe  
  27  2:32  Stargate  
  27  2:36  Probe  
  27  2:37  Probe  
  28  2:41  Stalker (Chrono Boost)  
  31  2:47  Probe  
  31  2:48  Probe  
  33  2:58  Probe  
  33  2:59  Pylon  
  33  3:00  Probe  
  35  3:09  Probe (Chrono Boost)  
  35  3:11  Probe (Chrono Boost)  
  37  3:13  Oracle (Chrono Boost)  
  40  3:21  Probe x2  
  40  3:25  Gateway  
  42  3:27  Gateway  
  42  3:33  Probe x2  
  44  3:36  Adept (Chrono Boost)  
  46  3:41  Pylon  
  46  3:45  Probe x2, Phoenix  
  48  3:51  Assimilator  
  48  3:55  Assimilator  
  50  3:57  Probe x2  
  52  4:07  Pylon  
  55  4:10  Mothership Core (Chrono Boost)  
  52  4:22  Pylon  
  47  4:28  Adept  
  45  4:34  Adept  
  42  4:42  Probe (Chrono Boost)  
  43  4:48  Probe (Chrono Boost), Pylon  
  43  4:53  Probe (Chrono Boost)  
  43  4:56  Sentry  
  43  4:59  Adept  
  49  5:00  Probe (Chrono Boost)  
  49  5:03  Probe (Chrono Boost)  
  39  5:15  Gateway  
  37  5:24  Zealot x2  
  37  5:53  Zealot x2  
  39  6:00  Probe (Chrono Boost), Cybernetics Core  
  40  6:11  Probe (Chrono Boost)  
  41  6:17  Zealot  
  43  6:23  Probe (Chrono Boost)  
  44  6:34  Probe (Chrono Boost)  
  44  6:37  Sentry  
  47  6:40  Zealot  
  47  6:44  Probe (Chrono Boost)  
  50  6:54  Pylon x2  
  50  6:55  Probe (Chrono Boost)  
  51  7:11  Oracle  
  51  7:12  Probe (Chrono Boost)  
  52  7:30  Probe (Chrono Boost)  
  52  7:35  Sentry  
  52  7:36  Nexus  
  54  7:45  Nexus  
  54  7:51  Sentry  
  54  7:56  Pylon  
  54  7:57  Gateway  
  54  8:14  Sentry x2  
  54  8:17  Probe (Chrono Boost)  
  62  8:27  Probe (Chrono Boost)  
  62  8:34  Pylon  
  63  8:44  Probe (Chrono Boost)  
  63  8:45  Pylon  
  61  8:55  Probe (Chrono Boost)  
  62  8:58  Robotics Facility  
  62  9:01  Probe (Chrono Boost)  
  63  9:05  Probe (Chrono Boost)  
  64  9:11  Gateway  
  64  9:12  Sentry x2  
  64  9:13  Probe (Chrono Boost), Gateway  
  64  9:16  Probe (Chrono Boost)  
  70  9:18  Pylon  
  70  9:27  Probe (Chrono Boost)  
  69  9:34  Pylon  
  69  9:39  Stalker  
  69  9:40  Stalker  
  69  9:41  Probe x2 (Chrono Boost)  
  75  9:47  Observer (Chrono Boost)  
  75  9:52  Nexus  
  76  9:54  Probe, Pylon  
  76  9:55  Probe  
  78  10:03  Pylon  
  78  10:10  Immortal (Chrono Boost)  
  82  10:18  Probe  
  83  10:25  Probe  
  83  10:27  Forge  
  84  10:31  Twilight Council  
  84  10:39  Gateway  
  84  10:48  Probe  
  84  10:49  Probe  
  84  10:55  Protoss Ground Weapons Level 1  
  84  10:56  Immortal (Chrono Boost)  
  82  11:02  Probe  
  82  11:03  Probe  
  85  11:04  Probe  
  85  11:06  Sentry x2  
  85  11:10  Charge (Chrono Boost)  
  90  11:14  Probe  
  90  11:15  Probe  
  92  11:21  Gateway  
  92  11:31  Adept x3  
  92  11:32  Probe x2  
  100  11:33  Probe  
  100  11:36  Immortal  
  100  11:45  Probe x2  
  105  11:52  Templar Archives  
  105  12:01  Zealot x3  
  111  12:02  Probe  
  112  12:09  Pylon  
  112  12:10  Immortal  
  116  12:18  Probe x3  
  116  12:21  Zealot  
  114  12:35  Zealot x2  
  114  12:36  Zealot  
  120  12:42  Photon Cannon  
  118  12:44  Immortal  
  118  12:53  Zealot  
  120  13:00  Probe  
  120  13:02  Assimilator  
  120  13:03  Gateway  
  108  13:21  Zealot  
  108  13:22  Zealot x3  
  98  13:39  Gateway  
  82  13:42  Zealot x3  
  82  13:44  Gateway  
  82  13:46  Gateway  
Show
View Real Time Build Order
Export as new Build Order

Denver Zerg - Winner!

Build Orders: Hatch First, Zergling Baneling 

Get SALT Encoding   

  12  0:00  Drone  
  13  0:12  Overlord  
  13  0:17  Drone  
  14  0:31  Drone x2  
  14  0:35  Drone  
  17  0:51  Hatchery  
  17  0:55  Drone  
  17  1:09  Spawning Pool  
  17  1:11  Extractor  
  15  1:13  Drone  
  15  1:18  Drone  
  17  1:20  Drone  
  18  1:28  Drone  
  19  1:39  Overlord  
  19  1:55  Queen  
  19  1:56  Zergling x2  
  23  2:01  Zergling x2  
  23  2:04  Queen, Drone  
  26  2:11  Metabolic Boost  
  26  2:13  Drone  
  27  2:16  Drone  
  28  2:23  Drone  
  28  2:28  Drone  
  30  2:43  Hatchery  
  29  2:46  Zergling x4  
  29  2:50  Drone  
  32  2:52  Overlord  
  32  2:58  Baneling Nest  
  32  3:04  Zergling x4  
  33  3:08  Overlord  
  33  3:14  Zergling x2  
  33  3:15  Zergling x2  
  33  3:16  Zergling x2  
  33  3:19  Zergling x2  
  37  3:21  Zergling x2  
  37  3:24  Zergling x2  
  39  3:28  Zergling x2  
  39  3:29  Zergling x2  
  41  3:34  Zergling x2  
  41  3:41  Zergling x4  
  43  3:42  Baneling  
  43  3:43  Baneling x3  
  43  3:46  Baneling x2  
  44  3:51  Zergling x4  
  44  3:52  Zergling x2  
  47  3:58  Spore Crawler  
  47  4:02  Zergling x2  
  41  4:20  Zergling x2  
  41  4:21  Zergling x12  
  48  4:26  Zergling x2  
  48  4:27  Zergling x2  
  42  4:40  Baneling x4  
  42  4:41  Zergling x6  
  42  4:42  Zergling x2  
  44  4:55  Zergling x2  
  44  4:56  Zergling x8  
  47  5:07  Zergling x8  
  45  5:12  Zergling x2  
  45  5:13  Zergling x2  
  47  5:22  Zergling x2  
  47  5:23  Zergling x2  
  47  5:24  Baneling  
  47  5:25  Baneling x3  
  49  5:30  Zergling x2  
  49  5:31  Overlord  
  49  5:39  Baneling  
  47  5:45  Zergling x6  
  47  5:46  Zergling x2  
  47  5:54  Zergling x6  
  47  5:55  Zergling x4  
  48  5:58  Zergling x2  
  48  6:00  Zergling x2  
  49  6:04  Zergling x2  
  49  6:09  Zergling x4  
  49  6:19  Zergling x4  
  49  6:23  Drone x2  
  49  6:25  Drone  
  53  6:27  Drone  
  53  6:31  Overlord  
  53  6:34  Drone  
  51  6:44  Drone x3  
  46  6:49  Drone x2  
  47  6:54  Drone x2  
  47  7:00  Spore Crawler  
  47  7:01  Spore Crawler  
  46  7:09  Queen  
  48  7:16  Roach Warren  
  47  7:28  Drone  
  47  7:29  Drone x5  
  49  7:33  Drone x2  
  47  7:50  Lair  
  43  7:52  Drone x3  
  43  7:53  Drone x2  
  43  7:54  Drone x2  
  43  7:57  Overlord  
  50  8:02  Roach x2  
  50  8:05  Roach  
  56  8:07  Overlord  
  56  8:09  Roach  
  58  8:13  Overlord  
  58  8:18  Overlord  
  58  8:23  Roach x4  
  58  8:25  Overlord  
  66  8:28  Zergling x2  
  66  8:32  Extractor  
  66  8:34  Drone  
  66  8:35  Drone x5  
  66  8:41  Drone x3  
  75  8:42  Drone  
  75  8:47  Drone x3  
  79  8:49  Glial Reconstitution  
  79  8:54  Extractor  
  78  8:58  Drone  
  78  8:59  Drone x4  
  78  9:00  Drone, Hydralisk Den  
  78  9:02  Extractor  
  82  9:08  Extractor  
  82  9:09  Drone  
  81  9:10  Drone x2  
  81  9:11  Extractor  
  81  9:12  Overseer  
  81  9:13  Overlord x2  
  82  9:18  Evolution Chamber  
  82  9:21  Overlord  
  80  9:29  Burrow  
  80  9:33  Drone  
  80  9:34  Drone x2  
  80  9:35  Overlord  
  83  9:43  Hatchery, Overlord  
  82  9:46  Zerg Missile Weapons Level 1  
  82  9:47  Hydralisk x2  
  82  9:51  Hydralisk x2  
  90  9:55  Hydralisk  
  90  9:59  Hydralisk  
  92  10:00  Hydralisk  
  92  10:03  Overseer  
  92  10:04  Hydralisk  
  98  10:09  Hydralisk  
  98  10:10  Hydralisk  
  100  10:15  Drone  
  100  10:16  Drone x3  
  100  10:20  Muscular Augments  
  100  10:22  Hydralisk  
  100  10:26  Drone x2  
  102  10:30  Hydralisk x2  
  102  10:33  Zergling x2  
  105  10:39  Hydralisk x2  
  107  10:52  Hydralisk  
  107  10:53  Hydralisk x5  
  119  11:01  Roach x4  
  119  11:03  Overlord  
  125  11:05  Overlord  
  125  11:08  Hydralisk  
  127  11:13  Roach  
  127  11:14  Overlord x3  
  127  11:19  Overlord  
  125  11:28  Hydralisk  
  125  11:29  Hydralisk x5  
  133  11:36  Roach x4  
  135  11:41  Roach x3  
  135  11:44  Ravager x2  
  135  11:45  Ravager  
  135  11:46  Zergling x8  
  146  11:50  Overseer  
  145  11:57  Spore Crawler  
  140  12:03  Roach x7  
  146  12:09  Queen  
  146  12:15  Roach x5  
  158  12:18  Overlord  
  158  12:22  Hydralisk x2  
  159  12:34  Roach x5  
  159  12:37  Overlord  
  163  12:41  Ravager  
  154  12:44  Roach x2  
  154  12:45  Roach x2  
  154  12:50  Zergling x2  
  154  12:51  Zergling x6, Roach  
  165  12:58  Roach x4  
  167  13:00  Ravager  
  167  13:01  Ravager x4  
  167  13:02  Zergling x4  
  172  13:17  Zergling x2  
  172  13:18  Zergling x24  
  160  13:29  Zergling x12  
  160  13:30  Zergling x2  
Tags
 
Add a new tag
Caveats
  • Supply blocks, unpowered buildings, or Contaminate may cause inaccurate times.
  • Supply counts are checked every 10 seconds.